 Dungeon Crawl Stone Soup version 0.28-a0-1339-ga5422284a4 (webtiles) character file.

Game seed: 4168514458277644725

257 bande the Covered (level 6, -5/38 HPs)
             Began as a Gargoyle Fighter on Dec 29, 2021.
             Was an Initiate of Okawaru.
             Slain by an ogre (16 damage)
             ... on level 5 of the Dungeon.
             The game lasted 00:05:54 (3875 turns).

bande the Covered (Gargoyle Fighter)                Turns: 3875, Time: 00:05:55

Health: -5/38      AC: 14    Str: 20    XL:     6   Next: 16%
Magic:  6/6        EV:  9    Int:  8    God:    Okawaru [......]
Gold:   1031       SH:  4    Dex: 11    Spells: 5/5 levels left

rFire   . . .      SeeInvis .   a - +0 war axe
rCold   . . .      Faith    .   c - +0 buckler
rNeg    + . .      Spirit   .   b - +0 scale mail
rPois   ∞          Reflect  .   (no helmet)
rElec   +          Harm     .   j - +2 cloak {rPois}
rCorr   .          Rampage  .   (no gloves)
Will    .....                   (no boots)
Stlth   ..........              (no amulet)
HPRegen 0.12/turn               (no ring)
MPRegen 0.10/turn               (no ring)

@: no status effects
A: sickness immunity, AC +4, negative energy resistance 1, electricity
resistance, torment resistance 1, petrification resistance
a: Renounce Religion


You were on level 5 of the Dungeon.
You worshipped Okawaru.
Okawaru was noncommittal.
You visited 1 branch of the dungeon, and saw 5 of its levels.

You collected 1031 gold pieces.

Inventory:

Hand Weapons
 a - a +0 war axe (weapon)
Armour
 b - a +0 scale mail (worn)
 c - a +0 buckler (worn)
 g - an orb of mayhem
 j - a +2 cloak of poison resistance (worn)
Wands
 n - a wand of mindburst (12)
Scrolls
 e - a scroll of silence
 l - 4 scrolls of teleportation
 m - a scroll of identify
Potions
 d - 2 potions of might
 f - a potion of invisibility
 h - 2 potions of curing
 k - a potion of cancellation


   Skills:
 + Level 4.2 Fighting
 + Level 4.0 Axes
 + Level 4.4 Armour
 - Level 0.2 Stealth
 + Level 4.1 Shields
 * Level 0.2 Invocations


You had 5 spell levels left.
You didn't know any spells.
Your spell library was empty.

Dungeon Overview and Level Annotations

Branches:
Dungeon (5/15)
 Temple: D:4-7

Altars:
Okawaru


Innate Abilities, Weirdness & Mutations

You are immune to sickness and miasma.
Your stone body is resilient. (AC +4)
You are immune to poison.
You resist negative energy. (rN+)
You are resistant to electric shocks. (rElec)
You are resistant to unholy torment.
You are immune to petrification.


Message History

You see here a +0 club.
Found a stone staircase leading up.
n - a wand of mindburst (12)
You see here 14 sling bullets.
Things that are here:
a +0 short sword; a +0 hand crossbow; 12 bolts No target in view!
No target in view!
Key pressed, stopping explore.
Done exploring.
Done exploring.
There is a stone staircase leading down here.
You climb downwards.
You hear the sound of rushing water.
There is an entrance to a sewer on this level.
Hurry and find it before the portal rusts away!
There is a stone staircase leading up here.
Blink to where?
Press: ? - help, Dir - move target
As you read the scroll labelled VESIQ OSTRE, it crumbles to dust.
It was a scroll of blinking.
An ogre comes into view. It is wielding a +0 giant club.
The ogre shouts!
You hit the ogre.
The ogre is lightly wounded.
The ogre barely misses you.
You barely miss the ogre.
The ogre is lightly wounded.
The ogre completely misses you.
You hit the ogre.
The ogre is moderately wounded.
You block the ogre's attack.
You hit the ogre.
The ogre is moderately wounded.
The ogre hits you with a +0 giant club!!
Ouch! That really hurt!
* * * LOW HITPOINT WARNING * * *
You slash the ogre!
The ogre is severely wounded.
The ogre hits you with a +0 giant club!
You die...

.. #. #. #.
.#####.###
.........#
#.....######
#..O@.#....#
#.###.#..#.#
#.##.#.#
#......#
####.###
#.######
#.....§#
########


You could see an ogre.

Vanquished Creatures
  Sigmund (D:2)
  2 adders
  4 dart slugs
  An orc (D:3)
  10 ball pythons
  6 endoplasms
  2 giant cockroaches
  7 goblins
  4 hobgoblins
  3 quokkas
  8 bats
  2 frilled lizards (D:1)
  10 kobolds
  10 rats
70 creatures vanquished.

Notes
Turn   | Place    | Note
-------+----------+-------------------------------------------
     0 | D:1      | bande the Gargoyle Fighter began the quest for the Orb.
     0 | D:1      | Reached XP level 1. HP: 14/14 MP: 1/1
   159 | D:1      | Reached XP level 2. HP: 14/19 MP: 2/2
   490 | D:1      | Reached XP level 3. HP: 23/23 MP: 3/3
  1179 | D:2      | Found a faded altar of an unknown god.
  1320 | D:2      | Noticed Sigmund
  1334 | D:2      | Killed Sigmund
  1335 | D:2      | Reached XP level 4. HP: 29/29 MP: 4/4
  1335 | D:2      | Reached XP level 5. HP: 33/33 MP: 5/5
  2288 | D:3      | Reached XP level 6. HP: 33/38 MP: 6/6
  3217 | D:4      | Found an iron altar of Okawaru.
  3223 | D:4      | Became a worshipper of Warmaster Okawaru
  3303 | D:4      | Identified a scroll of acquirement
  3303 | D:4      | Acquired 884 gold pieces
  3858 | D:5      | Entered Level 5 of the Dungeon
  3875 | D:5      | Slain by an ogre

Illustrated notes

Levels and vault maps discovered:
D:1:      dpeg_arrival_arbitrary_a, layout_basic
D:2:      layout_loops_corners, shapermc_ecumenical_altar_mp_vishouse,
          uniq_sigmund
D:3:      layout_loops_cross
D:4:      layout_cave_pods, okawaru_gym_becter
D:5:      minmay_general_purpose_star, layout_basic, gup_sewer_entry_pipe,
          uniq_edmund

Skill      XL: |  1  2  3  4  5  6 |
---------------+-------------------+-----
Axes           | 2 3 4 |  4.0
Fighting       | 4 |  4.2
Armour         | 4 |  4.4
Shields        | 4 |  4.1
Stealth        | |  0.2
Invocations    | |  0.2

Action                   |  1- 3 |  4- 6 || total
-------------------------+-------+-------++-------
Melee: War axe           |   106 |   131 ||   237
  Use: Scroll            |     5 |     5 ||    10
Armor: Scale mail        |    58 |    88 ||   146
Dodge: Dodged            |    49 |    54 ||   103
Block: Buckler           |    26 |    26 ||    52

Table legend: (Time is in decaauts)
 A = Elapsed time spent in this place.
 B = Non-inter-level travel time spent in this place.
 C = Inter-level travel time spent in this place.
 D = Time resting spent in this place.
 E = Time spent auto-exploring this place.
 F = Levels seen in this place.
 G = Mean time per level.
                   A        B        C        D        E       F      G
               +--------+--------+--------+--------+--------+-----+--------+
         Total |   3957 |   3856 |    101 |    200 |   2967 |   5 |  791.4 |
       Dungeon |   3957 |   3856 |    101 |    200 |   2967 |   5 |  791.4 |
               +--------+--------+--------+--------+--------+-----+--------+

Top non-repeatable levels by time:
     D:2: 1230 daAuts
     D:1: 1067 daAuts
     D:4: 949 daAuts
     D:3: 692 daAuts
     D:5: 18 daAuts
